AoeStats
← 一杯冰美式

Nomad

510443429Analyzed
4v4 RM · 2d ago on Oct 1, 2026· 53m 0s· 8 players
Game mode
Random Map
Map size
231×231
Population
200
Speed
Normal
Resources
Standard
Victory
Conquest
Starting age
Dark Age
Ending age
Imperial Age
RankedLock teamsTeams togetherTeam positionsShared explorationLock speedFull tech treeHidden civsTurbo modeCheats
Victory
Defeat
🇹🇼 Muisca · Taiwan
1115
+13
🇨🇴 Danes · Colombia
1091
+14
🇨🇴 Wu · Colombia
1086
+14
🇨🇳 Huns · China
1002
+17
🇫🇷 Romans · France
1128
-18
🇲🇽 Goths · Mexico
1034
-14
🇧🇴 Goths · Bolivia
1020
-14
🇨🇦 Malay · Canada
978
-12
noahdeycoco
3:49 Loom
13:55 Feudal Age
19:15 Castle Age
18:03 Stone Mining
18:41 Forging
19:07 Fletching
20:45 Man-at-Arms
33:24 Gold Mining
38:35 Scale Mail Armor
39:10 Iron Casting
38:44 Scale Barding Armor
38:41 Long Swordsman
39:21 Squires
41:47 Wheelbarrow
45:50 Imperial Age
43:39 Scale Mail Armor
45:26 Pikeman
48:45 Legionary
50:34 Chain Mail Armor
51:45 Halberdier
mojokette
23:35 Feudal Age
24:20 Man-at-Arms
28:38 Castle Age
27:58 Pikeman
28:40 Squires
28:04 Long Swordsman
29:23 Forging
33:20 Double-Bit Axe
36:45 Gold Mining
37:33 Husbandry
39:35 Arson
44:48 Iron Casting
44:18 Scale Barding Armor
44:04 Fletching
44:15 Padded Archer Armor
45:03 Fishing Lines
50:12 Gillnets
Minos
6:02 Loom
15:39 Feudal Age
17:36 Wheelbarrow
20:04 Castle Age
18:12 Gold Mining
24:17 Forging
25:00 Fishing Lines
25:37 Double-Bit Axe
27:18 Horse Collar
30:12 Heavy Plow
32:06 Iron Casting
31:31 Scale Mail Armor
34:40 Pikeman
35:20 Squires
38:51 Town Watch
42:32 Scale Mail Armor
45:25 Imperial Age
44:25 Anarchy
44:44 Chain Mail Armor
46:44 Conscription
47:58 Crop Rotation
48:25 Elite Huskarl
50:26 Perfusion
51:26 Halberdier
53:08 Blast Furnace
glitter
5:26 Loom
14:07 Feudal Age
14:35 Double-Bit Axe
15:28 Wheelbarrow
16:18 Town Watch
18:05 Fishing Lines
24:20 Castle Age
25:23 Hand Cart
25:10 Town Patrol
25:21 Bow Saw
28:20 Forging
28:10 Scale Mail Armor
28:12 Man-at-Arms
28:53 Squires
28:51 Long Swordsman
30:17 Iron Casting
29:57 Chain Mail Armor
47:57 Imperial Age
48:06 Imperial Age
48:10 Onager
zFox1982
5:24 Loom
14:50 Feudal Age
16:23 Double-Bit Axe
19:14 Castle Age
17:07 Fishing Lines
18:35 Horse Collar
19:00 Fletching
19:59 Gold Mining
20:25 Bow Saw
20:13 Bodkin Arrow
22:00 Clinker Construction
22:04 Gillnets
24:41 Wheelbarrow
24:39 Heavy Plow
25:06 Ballistics
24:58 Careening
26:29 Hand Cart
31:10 Squires
32:04 Pikeman
33:21 Murder Holes
33:53 Town Watch
35:41 Arson
35:26 Hamask
39:22 Imperial Age
38:53 Man-at-Arms
39:19 Gambesons
39:48 Forging
39:38 Scale Mail Armor
40:06 Long Swordsman
40:08 Halberdier
42:03 Conscription
43:34 Two-Handed Swordsman
46:41 Bracer
48:14 Iron Casting
47:55 Chain Mail Armor
50:14 Chemistry
49:37 Dry Dock
51:30 Northmen's Fury
johnhembert
24:04 Feudal Age
29:35 Castle Age
29:21 Wheelbarrow
29:17 Double-Bit Axe
29:16 Horse Collar
29:34 Loom
30:24 Wheelbarrow
30:10 Forging
30:01 Scale Mail Armor
32:15 Iron Casting
31:56 Chain Mail Armor
31:44 Squires
31:30 Arson
31:56 Gold Mining
32:19 Bow Saw
35:21 Gold Shaft Mining
35:36 Fletching
37:00 Man-at-Arms
38:41 Bodkin Arrow
38:46 Padded Archer Armor
38:45 Long Swordsman
40:20 Hand Cart
40:01 Stone Mining
44:48 Heavy Plow
46:03 Crossbowman
47:40 Padded Archer Armor
51:25 Imperial Age
50:39 Ballistics
50:00 Treadmill Crane
50:16 Murder Holes
53:35 Blast Furnace
命格
6:27 Loom
14:25 Feudal Age
19:04 Castle Age
18:14 Bloodlines
17:48 Horse Collar
18:36 Double-Bit Axe
24:48 Wheelbarrow
24:50 Scale Barding Armor
26:06 Husbandry
26:09 Heavy Plow
27:39 Chain Barding Armor
29:00 Forging
31:14 Hand Cart
34:24 Imperial Age
32:12 Bow Saw
33:38 Iron Casting
33:34 Gold Mining
34:55 Stone Mining
36:40 Cavalier
38:08 Gold Shaft Mining
39:00 Conscription
40:16 Two-Man Saw
40:21 Blast Furnace
39:41 Fletching
40:25 Town Watch
42:29 Plate Barding Armor
41:19 Pikeman
43:03 Squires
44:51 Marauders
45:49 Halberdier
47:17 Paladin
49:10 Scale Mail Armor
49:01 Fletching
51:32 Chain Mail Armor
51:12 Bodkin Arrow
53:09 Padded Archer Armor
一杯冰美式
3:26 Loom
15:10 Feudal Age
15:46 Town Watch
16:55 Double-Bit Axe
17:01 Gold Mining
17:07 Gold Mining
17:11 Stone Mining
20:40 Castle Age
29:45 Gold Shaft Mining
29:22 Bow Saw
29:53 Wheelbarrow
31:18 Fishing Lines
31:55 Murder Holes
33:13 Forging
33:03 Scale Mail Armor
34:40 Stone Shaft Mining
35:21 Squires
37:31 Champi Runner
39:20 Gillnets
43:25 Champi Warrior
44:39 Hand Cart
44:26 Town Patrol
50:29 Iron Casting
50:11 Chain Mail Armor
Connection lost

Rejoining the realm…

Still unreachable

The connection could not be restored.

Session expired

The server has moved on; the page needs a fresh start.